[Event "RLP-ch Rapid 2024"]
[Site "Landau"]
[Date "2024.05.04"]
[Round "1.10"]
[White "Orschiedt-Eghbali, Anke"]
[Black "Mader, Lena"]
[Result "0-1"]
[ECO "A02"]
[WhiteElo "1761"]
[BlackElo "1902"]
[Annotator "NA RC"]
[PlyCount "50"]
[EventDate "2024.05.03"]
[EventType "swiss"]
[EventCountry "GER"]
[SourceTitle "playchess.com"]
[Source "ChessBase"]
[SourceQuality "1"]
[TimeControl "900+5"]

1. f4 Nf6 2. Nf3 g6 3. g3 Bg7 4. Bg2 c5 5. O-O O-O 6. d3 Nc6 7. Na3 d6 8. e4 Bg4 9. c3 Rc8 10. Nc2 b5 11. a3 a5 12. Be3 Qc7 13. Qd2 Qb8 14. h3 Bd7 15. d4 Nxe4 16. Qe1 cxd4 17. Ncxd4 Nc5 18. Nxc6 Bxc6 19. Bxc5 dxc5 20. Qxe7 Rfe8 21. Qg5 h6 22. Qg4 Qb6 23. Kh2 h5 24. Qh4 Bxf3 25. Rxf3 Bf6 0-1

[Event "RLP-ch Rapid 2024"]
[Site "Landau"]
[Date "2024.05.04"]
[Round "2.1"]
[White "Carow, Johannes"]
[Black "Hinrichs, Paul"]
[Result "1-0"]
[ECO "D46"]
[WhiteElo "2456"]
[BlackElo "2255"]
[Annotator "TA"]
[PlyCount "89"]
[EventDate "2024.05.03"]
[EventType "swiss"]
[EventCountry "GER"]
[SourceTitle "playchess.com"]
[Source "ChessBase"]
[SourceQuality "1"]
[TimeControl "900+5"]

1. c4 c6 2. Nc3 d5 3. e3 Nf6 4. Nf3 e6 5. d4 Nbd7 6. Qc2 Bd6 7. Bd3 O-O 8. O-O dxc4 9. Bxc4 b5 10. Be2 Bb7 11. e4 e5 12. dxe5 Nxe5 13. Nh4 g6 14. Bg5 {[%emt 0:00:02] [#] Hoping for f4. White has an edge.} h6 $1 15. Bxf6 Qxf6 16. g3 Bc8 (16... Rad8 $11) 17. f4 $14 Ng4 18. e5 Bc5+ 19. Kh1 Qe6 20. Ne4 Be7 21. Ng2 $36 {[%emt 0:00:12][%mdl 2048] Dodges Ne3. White is more active.} Nxh2 $2 22. Kxh2 $18 Qh3+ 23. Kg1 {[%emt 0:00:02][%cal Og1f2] Black must now prevent Kf2!} Bf5 24. Rac1 (24. Qxc6 Bxe4 25. Qxe4 Bc5+ 26. Rf2 Qxg3 $11) 24... Bd8 25. Rf2 {[%emt 0:02:27][%cal Og2e3] And now Ne3! would win.} (25. Qxc6 Bxe4 26. Qxe4 Bb6+ 27. Rf2 Qxg3 $11) 25... Bb6 26. g4 Bxe4 27. Qxe4 {[%emt 0:00:06][%cal Oc1c3] Rc3! would now be deadly.} Rad8 $2 {[%emt 0:00:03] This costs Black the game.} (27... Qg3 $16 28. Qf3 Qxf3 29. Bxf3 Rac8) 28. Rxc6 (28. Rc3 $142 Bxf2+ 29. Kxf2) 28... Bd4 29. Qf3 {[%emt 0:00:08] Prevents Qg3} (29. e6 $142 {[%cal Oe6e7] Threatens to win with e7!} Qg3 30. exf7+ Kh8 31. Qf3 Qxf3 32. Bxf3 Rxf7 33. Nh4 (33. Rxg6 h5 $18)) 29... Qxf3 30. Bxf3 Bxf2+ (30... Rc8 {was necessary.} 31. Kf1 Bxf2 32. Kxf2 Rxc6 33. Bxc6 Rc8) 31. Kxf2 Rd2+ 32. Kg3 Rxb2 $2 (32... a5 33. f5 Re8) 33. Bd5 Rd8 34. Rxg6+ Kf8 35. Rd6 (35. Rxh6 $2 Rxd5 36. Ne3 Rd3 $17) 35... Rxd6 (35... Rc8 $142 36. Nh4 (36. Rxh6 Rc3+ 37. Bf3 Rxa2 $18) 36... Rc5) 36. exd6 a5 37. Ne3 Rd2 38. Kf3 b4 39. Ke4 a4 40. Nf5 {[%emt 0:00:06][%cal Od6d7] White threatens d7! and mate.} Ke8 {[%emt 0:00:06] [#]} 41. Bc6+ $1 (41. Nxh6 b3 42. Bxf7+ (42. axb3 a3 $19) 42... Kf8 43. Bxb3 (43. axb3 $2 a3 $19) 43... axb3 44. axb3 Rxd6 $11) 41... Kd8 42. Bxa4 (42. Nxh6 b3 43. Nxf7+ (43. Bxa4 $2 {too greedy.} bxa2 44. Nxf7+ Kc8 $19) 43... Kc8 $17) 42... Rxa2 43. Bb3 Rg2 44. Nxh6 Kd7 45. Nxf7 {[%emt 0:00:02] Weighted Error Value: White=0.52/Black=0.72.  Loses game:     	---       	Black=2      Mistake:       	White=2     	Black=4      Inaccurate:     	White=2     	Black=1      OK:         	White=5     	Black=6      Best:        	White=4     	Black=4      Strong:       	---       	Black=1} 1-0

[Event "RLP-ch Rapid 2024"]
[Site "Landau"]
[Date "2024.05.04"]
[Round "2.2"]
[White "Bruch, Jochen"]
[Black "Frischmann, Rick"]
[Result "1/2-1/2"]
[ECO "A09"]
[WhiteElo "2181"]
[BlackElo "2355"]
[Annotator "TA"]
[PlyCount "89"]
[EventDate "2024.05.03"]
[EventType "swiss"]
[EventCountry "GER"]
[SourceTitle "playchess.com"]
[Source "ChessBase"]
[SourceQuality "1"]
[TimeControl "900+5"]

1. Nf3 d5 2. g3 Nc6 3. c4 d4 4. d3 e5 5. Bg2 f5 (5... Bb4+ $11 6. Bd2 a5) 6. O-O $14 Nf6 7. e3 dxe3 8. fxe3 ({White should try} 8. Bxe3 $14 Be7 9. Nc3) 8... Bd6 9. d4 e4 10. Nfd2 (10. Ng5 $15) 10... O-O (10... h5 $1 $17 11. c5 Be7) 11. Nc3 Kh8 12. a3 {[%emt 0:00:42] Wards off Nb4} Ng4 13. Qe2 (13. Qe1 $11) 13... Qg5 (13... Nxh2 $15 14. Kxh2 Qh4+ 15. Kg1 Qxg3) 14. c5 $1 $11 Be7 (14... Qxe3+ 15. Qxe3 Nxe3 16. cxd6 Nxf1 17. Nxf1 (17. Bxf1 Nxd4 18. b4 Be6 $15) 17... Nxd4 18. dxc7 $16) 15. Nd5 Bd7 16. b4 Qh6 17. Bh1 (17. Nxc7 $2 Qxh2#) (17. h3 $11 {and White has nothing to worry.} Nf6 18. Nxc7) 17... Nf6 (17... Rad8 $19 18. Nf4 (18. b5 $2 Nxd4 19. exd4 Bxb5 $19) 18... Bg5 (18... g5 $2 19. Nd5 $19)) 18. Nxe7 (18. Nxc7 Rac8 19. Nb5 Ng4 $17) (18. Nxf6 $15 Bxf6 19. Nb3) 18... Nxe7 $17 19. Nc4 Bb5 20. a4 Bxc4 21. Qxc4 Ng4 $1 22. Qe2 Nd5 23. Bd2 Qg5 (23... Ngxe3 $6 24. Rae1 f4 25. Bxe3 fxe3 (25... Nxe3 26. Rxf4 Rxf4 27. gxf4 $16) 26. Bxe4 $14) (23... Rae8 $17 24. b5 Ngxe3) 24. Ra3 (24. Bg2 $11) 24... Rf6 (24... Qh5 $15 25. Qg2 Ngf6) 25. Bg2 $11 Rh6 26. h3 Ngf6 {[%emt 0:00:00] Excellent horsemanship.} 27. Be1 Rg6 28. Kh2 Nh5 $2 (28... Rh6 $11 29. Kg1 a6) 29. Qf2 $2 (29. h4 $18 Qg4 30. Qxg4 Rxg4 31. Rxf5) 29... Rf6 $132 {[%emt 0:00:00][%mdl 2048] Black has counterplay} 30. b5 Qh6 31. Qe2 g5 32. Qa2 c6 33. bxc6 (33. a5 $11 a6 34. bxc6 bxc6 35. Qe2) 33... bxc6 $17 34. Rb3 Raf8 (34... Re8 $1 $17 {Threatens to win with ...f4.} 35. Qb2 Rff8) 35. Qb2 {[%emt 0:00:00] [#]} (35. Kg1 $11 {remains equal.}) 35... f4 (35... g4 $1 $17 36. hxg4 Nhf4+ (36... fxg4 37. Rxf6 Qxf6 38. Rb8 $18) 37. Kg1 Nxg2 38. Qxg2 Nxe3 (38... fxg4 39. Rxf6 Qxf6 40. Qf2 $15)) 36. g4 $15 f3 ({Black should play} 36... fxe3 $17 37. Rxf6 Nhxf6) 37. gxh5 $11 fxg2 38. Rxf6 Qxf6 (38... Nxf6 $11 {keeps the balance.} 39. Rb8 Kg8) 39. Qxg2 $16 Qf3 {[%emt 0:00:07] [#] And now ...Qd1 would win.} 40. Bg3 (40. Qxg5 $2 {perishes.} Qe2+ 41. Qg2 Qxe1 $19) ({Better is} 40. h6 $1 $16 {Hoping for Qxf3.} Qxg2+ (40... Nxe3 $2 41. Qxf3 exf3 42. Rxe3 $18) (40... Qd1 $2 41. Qxg5 Qe2+ 42. Qg2 $18) 41. Kxg2) 40... Qxh5 (40... Kg7 $1 $15 {keeps the upper hand.}) 41. Be5+ $2 (41. Qxe4 $18 {Strongly threatening Rb2.} a5 42. Rb2) 41... Kg8 $11 {[%emt 0:00:02] The position is equal.} 42. Rb7 (42. Qxe4 $2 {is the wrong capture.} Qe2+ 43. Qg2 Rf2 $19) 42... Rf7 43. Rb8+ Rf8 44. Rb7 Rf7 45. Rb8+ {[%emt 0:00:01] Weighted Error Value: White=0.42/Black=0.43.  Loses game:     	---       	Black=2      Missed win:     	White=2     	---        Mistake:       	White=9     	Black=9      Inaccurate:     	White=2     	Black=2      OK:         	White=11    	Black=11     Best:        	White=2     	Black=1      Strong:       	White=1     	Black=1} 1/2-1/2

[Event "RLP-ch Rapid 2024"]
[Site "Landau"]
[Date "2024.05.04"]
[Round "2.3"]
[White "Barzen, Pascal"]
[Black "Sidletskyi, Ivan"]
[Result "1-0"]
[ECO "C02"]
[WhiteElo "2291"]
[BlackElo "2346"]
[Annotator "TA"]
[PlyCount "79"]
[EventDate "2024.05.03"]
[EventType "swiss"]
[EventCountry "GER"]
[SourceTitle "playchess.com"]
[Source "ChessBase"]
[SourceQuality "1"]
[TimeControl "900+5"]

1. e4 e6 2. d4 d5 3. e5 c5 4. c3 Nc6 5. Nf3 Bd7 6. Bd3 cxd4 7. cxd4 Qb6 8. O-O Nxd4 9. Nxd4 Qxd4 10. Nc3 a6 11. Qe2 Rc8 12. Kh1 Bc5 13. a3 Nh6 (13... Qh4 $17 14. Bd2 Nh6) 14. h3 (14. Bxh6 $1 $11 {keeps the balance.} gxh6 15. f4) 14... Qh4 $17 {[%emt 0:01:52] Black is better.} 15. Kh2 Nf5 16. g3 Qd8 (16... Qd4 $6 17. Bf4 Be7 18. Rfd1 $14) 17. h4 h5 $2 (17... Ne7 $17 18. h5 Nc6) 18. Bg5 (18. Bxf5 $14 {was forced to keep a grip.} d4 (18... exf5 19. Bg5 $14) 19. Bg5) 18... Be7 19. Bxf5 ({Better is} 19. Bxe7 $15 Nxe7 20. Qe3) 19... Bxg5 $1 20. hxg5 exf5 21. Qe3 h4 (21... d4 $17 22. Qxd4 Qxg5) 22. f4 $1 $11 (22. Nxd5 hxg3+ 23. Kg2 (23. Kxg3 $2 Rh3+ 24. Kxh3 f4+ 25. Kh4 fxe3 $19) 23... Rh2+ (23... Bc6 $2 24. Kxg3 Qxd5 25. f3 $19) 24. Kxg3 Rh3+ 25. Kxh3 f4+ 26. Kh2 fxe3 $19) 22... Be6 23. Rad1 Rc4 24. Ne2 $2 (24. Rd3 $11 {and White stays safe.}) 24... Re4 $19 25. Qf2 hxg3+ (25... f6 $1 $19 26. Nd4 hxg3+ (26... fxe5 27. Nxe6 hxg3+ 28. Kxg3 $17) 27. Kxg3 Kf7 28. g6+ Ke7 (28... Kxg6 $2 29. Nxe6 Qe8 30. Nc5 $18) 29. exf6+ Kxf6) 26. Kxg3 $15 Rxe5 {[%emt 0:00:06] [#]} 27. Nc3 (27. fxe5 $2 Qxg5+ 28. Kf3 Rh3+ 29. Ng3 f4 $19) (27. Rh1 $1 $16 Rxh1 28. Rxh1 Rxe2 29. Rh8+ (29. Qxe2 Qb6 $14) 29... Ke7 30. Qc5+ Qd6 31. Re8+ Kxe8 32. Qxd6) 27... d4 $2 28. Rxd4 $18 Qe7 ({But not} 28... Bd5 $2 29. Qd2 (29. fxe5 $2 {is a self mate.} Qxg5+) 29... Qe7 30. Nxd5 $18 (30. fxe5 Bc6 $18)) 29. fxe5 Qxg5+ 30. Kf3 Rh3+ 31. Ke2 Qh5+ {[%emt 0:00:02] [#]} 32. Ke1 $1 Rh2 {[%emt 0:00:19] Prevents Qg2} 33. Qe3 Rxb2 34. Rd2 Rb3 (34... Qh4+ $18 35. Kd1 Rb3) 35. Qd4 Qg5 36. Rg1 Qe7 37. Nd5 (37. Rxg7 $142 Kf8 38. Rdg2 Qc7 39. Rg8+ Ke7 40. Rc2 f4 41. Nd5+ Bxd5 42. Rxc7+ Ke6 43. Qxf4 (43. Re8+ Kf5 44. Qxd5 Re3+ 45. Kf2 Re2+ 46. Kxe2 f3+ 47. Qxf3+ Kg6 48. Qg4+ Kh7 49. Rxf7+ Kh6 50. Rh8#)) 37... Qd7 {[%emt 0:00:00] [#]} (37... Bxd5 $18 38. Qxd5 Rb5) 38. Nf6+ $1 {[%emt 0:00:05][%mdl 512] White mates.} gxf6 (38... Kd8 39. Nxd7) 39. Rg8+ Ke7 40. Qc5+ {[%emt 0:00:01] Weighted Error Value: White=0.51/Black=0.93.  Loses game:     	White=1     	Black=1      Mistake:       	White=4     	Black=6      OK:         	White=1     	Black=9      Best:        	White=4     	Black=1      Strong:       	White=2     	Black=1} 1-0

[Event "RLP-ch Rapid 2024"]
[Site "Landau"]
[Date "2024.05.04"]
[Round "2.4"]
[White "Lebzak, Jaroslav"]
[Black "Schenderowitsch, Michael"]
[Result "1-0"]
[ECO "B12"]
[WhiteElo "2141"]
[BlackElo "2233"]
[Annotator "RC"]
[PlyCount "101"]
[EventDate "2024.05.03"]
[EventType "swiss"]
[EventCountry "GER"]
[SourceTitle "playchess.com"]
[Source "ChessBase"]
[SourceQuality "1"]
[TimeControl "900+5"]

1. e4 c6 2. d4 d5 3. f3 Qb6 4. c3 e6 5. Bd3 c5 6. Ne2 Nc6 7. O-O Nf6 8. Kh1 Be7 9. a3 a5 10. e5 Nd7 11. Bc2 Qd8 12. Be3 Nb6 13. Nd2 cxd4 14. cxd4 a4 15. f4 g6 16. g4 Bd7 17. f5 Bg5 18. Nf4 Bxf4 19. Rxf4 g5 20. Rf2 Na5 21. fxe6 Bxe6 22. Rf6 h6 23. Bxa4+ Nxa4 24. Qxa4+ Qd7 25. Qb4 Nc6 26. Qc5 Rc8 27. Qb6 Nd8 28. Nb3 Rc6 29. Qb4 b6 30. a4 Rc2 31. a5 Bxg4 32. axb6 Bh3 33. Rg1 Bf5 34. Nc5 Rxc5 35. dxc5 Be4+ 36. Rg2 Qg4 37. Qd2 d4 38. Bxd4 O-O 39. Rf1 Ne6 40. Be3 Rd8 41. Qf2 Rd7 42. Kg1 Bxg2 43. Qxg2 Qb4 44. c6 Rd8 45. c7 Rf8 46. Qf3 Qb3 47. c8=Q Rxc8 48. Qxf7+ Kh8 49. Qf6+ Kh7 50. Qf7+ Ng7 51. Qxb3 1-0

[Event "RLP-ch Rapid 2024"]
[Site "Landau"]
[Date "2024.05.04"]
[Round "2.5"]
[White "Lang, Torsten"]
[Black "Meuer, David"]
[Result "1-0"]
[ECO "D02"]
[WhiteElo "2299"]
[BlackElo "2067"]
[Annotator "TA"]
[PlyCount "107"]
[EventDate "2024.05.03"]
[EventType "swiss"]
[EventCountry "GER"]
[SourceTitle "playchess.com"]
[Source "ChessBase"]
[SourceQuality "1"]
[TimeControl "900+5"]

1. d4 e6 2. Nf3 Nf6 3. Bf4 d5 4. e3 c5 5. c3 Nc6 6. Nbd2 Bd6 7. Bg3 O-O 8. Ne5 Qc7 9. f4 b6 10. Bd3 {[%emt 0:00:07] The position is equal.} Bb7 11. Bh4 {[%emt 0:00:10] [#]} Ne4 12. O-O (12. Nxe4 dxe4) 12... f6 (12... Ne7 $5) 13. Nxc6 Bxc6 14. Rc1 e5 $2 {[%emt 0:00:40] [#]} (14... Nxd2 $15 {keeps the upper hand.} 15. Qxd2 c4) 15. Nxe4 (15. dxe5 $142 $1 {Black must now prevent Nxe4.} fxe5 16. Nxe4 dxe4 17. Bc4+ Kh8 18. f5) 15... dxe4 $16 16. Bc4+ Kh8 17. fxe5 fxe5 18. d5 Rxf1+ 19. Qxf1 Rf8 20. Qe2 Be8 21. Rf1 Rxf1+ 22. Qxf1 Qf7 23. Qxf7 Bxf7 {[%emt 0:00:01][%mdl 4096] Endgame. KBB-KBB} 24. a4 Kg8 25. Bd8 Kf8 26. a5 bxa5 (26... Ke8 27. axb6 axb6 28. Bxb6) 27. Bxa5 Ke7 28. Kf2 Be8 29. Ke2 g5 30. Kd2 h5 31. Be2 Bf7 32. c4 Kd7 33. Bc3 Kc7 34. Bd1 Bg6 35. Ba4 Kb6 36. Bd7 Kc7 37. Be6 Kb6 38. Kc2 Kc7 (38... h4 $142 39. Bg4 Bb8) 39. Kb3 Kb6 40. Ka3 a5 $2 (40... Kb7 41. Ba5 Be7) 41. Bd7 $18 h4 42. Ka4 Bh5 43. Bxa5+ Kb7 44. Kb5 Bf3 45. g3 hxg3 46. hxg3 {[%emt 0:00:02] White mates.} g4 47. Bb6 Be7 48. Bxc5 Bg5 49. Bf5 Bf4 50. exf4 exf4 51. gxf4 g3 52. Be3 Kc7 53. Kc5 g2 54. d6+ {[%emt 0:00:13] Weighted Error Value: White=0.11 (very precise) /Black=0.47.  Mistake:       	White=1     	Black=3      Inaccurate:     	White=3     	---        OK:         	White=14    	Black=10     Best:        	White=3     	Black=1} 1-0

[Event "RLP-ch Rapid 2024"]
[Site "Landau"]
[Date "2024.05.04"]
[Round "2.6"]
[White "Lutterbach, Jakob"]
[Black "Boder, Jan"]
[Result "1-0"]
[ECO "A22"]
[WhiteElo "1858"]
[BlackElo "2318"]
[Annotator "TA"]
[PlyCount "125"]
[EventDate "2024.05.03"]
[EventType "swiss"]
[EventCountry "GER"]
[SourceTitle "playchess.com"]
[Source "ChessBase"]
[SourceQuality "1"]
[TimeControl "900+5"]

1. c4 e5 2. Nc3 Nf6 3. Nf3 e4 4. Ng5 c6 5. d4 exd3 ({Better is} 5... d5 $17) 6. Qxd3 h6 (6... Na6 $11) 7. Nge4 $14 Nxe4 8. Qxe4+ {[%emt 0:00:02] White is slightly better.} Be7 9. g3 O-O 10. Bg2 d6 11. O-O Nd7 12. b3 Bf6 13. Bb2 Nc5 14. Qc2 a5 15. Rad1 Qc7 16. Rd2 Be6 17. Rfd1 Rfd8 18. Ne4 Nxe4 19. Bxe4 Bxb2 20. Qxb2 a4 21. Qc3 axb3 22. axb3 Kf8 23. Qe3 Ra3 24. Rd3 Qe7 25. Qf4 g5 26. Qc1 Ra2 27. Qc3 Kg8 {[%emt 0:00:07] Repels Qh8+} 28. Re3 {[%emt 0:00:52] Black must now prevent f4.} Qf8 29. Qf6 Rd7 (29... Raa8 $14) 30. Bf5 $2 ({White should play} 30. f4 $18) 30... Bxf5 $11 31. Qxf5 Re7 32. Rdd3 (32. Rxd6 $2 {perishes.} Rxe3 (32... Rxe2 33. Rxe7 Rxe7 34. Kg2 $16) 33. Rd3 Rexe2 $19) (32. Qf3 {simplifies} Rxe3 33. Qxe3 Ra8 34. Rd2) 32... Rxe2 33. Qf3 (33. Rxe2 $11 {remains equal.} Rxe2 34. Kg2) 33... R2xe3 $17 34. Rxe3 {[%emt 0:00:02][%mdl 4096] Endgame. KQR-KQR} Qe8 35. Rd3 Re1+ 36. Kg2 Qe5 37. h3 Kg7 38. Qh5 Qe4+ 39. Qf3 Qxf3+ (39... Qe7 {looks sharper.} 40. Qg4 Qe6 41. Rd2 Qe5) 40. Kxf3 {[%emt 0:00:01] [#] KR-KR} Re6 $1 41. b4 Kf6 42. b5 Ke7 43. Ra3 {[%emt 0:00:01] [#]} (43. Kg4 $142) 43... cxb5 $1 44. cxb5 Re5 45. Rb3 b6 46. Kg4 Kf6 ({Black should try} 46... d5 $17 {Hoping for ...Kd6.} 47. Kf3 h5) 47. Kh5 $15 Kg7 48. Rd3 $1 d5 49. Rd4 f5 (49... Kh7 $15 {was preferrable.}) 50. f4 $11 gxf4 51. gxf4 Kf6 52. fxe5+ {[%emt 0:00:04] White mates.} Kxe5 {[%emt 0:00:00] KR-KP} 53. Rd1 d4 54. Kxh6 {[%emt 0:00:04] KR-K3P} f4 55. Kg5 f3 56. Kg4 Ke4 57. Re1+ Kd3 58. Kxf3 Kd2 59. Ra1 d3 60. h4 Kc2 61. h5 d2 62. h6 Kb2 63. Rh1 {[%emt 0:00:02] What a bad dream for Black.   Weighted Error Value: White=0.14 (very precise) /Black=0.23 (precise) .  Loses game:     	---       	Black=1      Mistake:       	White=3     	Black=4      Inaccurate:     	White=2     	Black=2      OK:         	White=16    	Black=22     Best:        	White=3     	Black=1      Strong:       	White=1     	Black=2} 1-0

[Event "RLP-ch Rapid 2024"]
[Site "Landau"]
[Date "2024.05.04"]
[Round "2.7"]
[White "Yakovenko, Oleg"]
[Black "Bender, Tim"]
[Result "0-1"]
[ECO "E91"]
[WhiteElo "2281"]
[BlackElo "1850"]
[Annotator "RC"]
[PlyCount "136"]
[EventDate "2024.05.03"]
[EventType "swiss"]
[EventCountry "GER"]
[SourceTitle "playchess.com"]
[Source "ChessBase"]
[SourceQuality "1"]
[TimeControl "900+5"]

1. Nf3 Nf6 2. c4 g6 3. Nc3 Bg7 4. e4 d6 5. d4 O-O 6. Be2 e6 7. O-O a6 8. Re1 Nbd7 9. Bf1 e5 10. d5 h6 11. b4 a5 12. bxa5 Rxa5 13. a4 Nc5 14. Ba3 Nfd7 15. Nd2 Ra7 16. Nb3 b6 17. Nxc5 bxc5 18. Bc1 Nb6 19. Ra3 f5 20. exf5 Bxf5 21. a5 Nc8 22. a6 Bd7 23. Bd3 Bf5 24. Nb5 Ra8 25. Be4 Bxe4 26. Rxe4 Na7 27. Qg4 c6 28. Nxa7 Rxa7 29. Qxg6 Qf6 30. Qxf6 Rxf6 31. dxc6 Rff7 32. Re2 Rfc7 33. Rb2 Rxc6 34. Rb8+ Kh7 35. Rb7 Raxa6 36. Rxa6 Rxa6 37. Rb1 Ra4 38. Be3 Rxc4 39. Rd1 Bf8 40. Kf1 Kg6 41. Ke2 Rc2+ 42. Kd3 Rb2 43. Ke4 Kf7 44. Kd5 Rb7 45. Ra1 c4 46. Rc1 Rc7 47. Rc3 Ke7 48. f4 Bg7 49. f5 Bf6 50. Bxh6 Rc5+ 51. Ke4 d5+ 52. Kf3 e4+ 53. Ke3 Bxc3 54. g4 Be5 55. h4 c3 56. Ke2 c2 57. Bc1 Bb2 58. Bxb2 c1=Q 59. Bxc1 Rxc1 60. Ke3 Rh1 61. h5 Kd6 62. Kf4 Rf1+ 63. Kg5 e3 64. h6 e2 65. h7 Rh1 66. Kg6 e1=Q 67. g5 Qe8+ 68. Kg7 Qe7+ 0-1

[Event "RLP-ch Rapid 2024"]
[Site "Landau"]
[Date "2024.05.04"]
[Round "2.8"]
[White "Baerwinkel, Tobias"]
[Black "Froembgen, Andreas"]
[Result "1-0"]
[ECO "E72"]
[WhiteElo "2289"]
[BlackElo "1867"]
[Annotator "NA RC"]
[PlyCount "47"]
[EventDate "2024.05.03"]
[EventType "swiss"]
[EventCountry "GER"]
[SourceTitle "playchess.com"]
[Source "ChessBase"]
[SourceQuality "1"]
[TimeControl "900+5"]

1. d4 Nf6 2. c4 g6 3. g3 Bg7 4. Bg2 c6 5. e4 d6 6. Nc3 O-O 7. Nge2 e5 8. O-O Nbd7 9. h3 Rb8 10. Be3 a6 11. a4 b5 12. axb5 axb5 13. cxb5 cxb5 14. b4 Qc7 15. Qb3 Re8 16. d5 Nf8 17. Ra7 Rb7 18. Nxb5 Qb8 19. Rxb7 Bxb7 20. Nec3 Rc8 21. Ba7 Qa8 22. Ra1 Ne8 23. Ra5 Bh6 24. Be3 1-0

[Event "RLP-ch Rapid 2024"]
[Site "Landau"]
[Date "2024.05.04"]
[Round "2.9"]
[White "Moench, Dorothee"]
[Black "Anissimova, Mariya"]
[Result "0-1"]
[ECO "A22"]
[WhiteElo "1823"]
[BlackElo "1850"]
[Annotator "NA RC"]
[PlyCount "56"]
[EventDate "2024.05.03"]
[EventType "swiss"]
[EventCountry "GER"]
[SourceTitle "playchess.com"]
[Source "ChessBase"]
[SourceQuality "1"]
[TimeControl "900+5"]

1. c4 e5 2. Nc3 Nf6 3. g3 c6 4. Bg2 d6 5. e4 Be7 6. d3 Be6 7. Bg5 Nbd7 8. Nge2 h6 9. Bxf6 Nxf6 10. O-O O-O 11. b3 d5 12. f4 dxe4 13. Nxe4 Qb6+ 14. Kh1 Ng4 15. Qc1 Ne3 16. Rf3 Nxg2 17. Kxg2 Bg4 18. Rf2 Bxe2 19. Rxe2 exf4 20. Qxf4 f5 21. Nf2 Bg5 22. Qf3 f4 23. g4 Rae8 24. Rae1 Re3 25. Rxe3 fxe3 26. Qe4 exf2 27. Rf1 Qe3 28. Qg6 Qf3# 0-1

[Event "RLP-ch Rapid 2024"]
[Site "Landau"]
[Date "2024.05.04"]
[Round "3.1"]
[White "Lebzak, Jaroslav"]
[Black "Carow, Johannes"]
[Result "0-1"]
[ECO "B12"]
[WhiteElo "2141"]
[BlackElo "2456"]
[Annotator "TA"]
[PlyCount "72"]
[EventDate "2024.05.03"]
[EventType "swiss"]
[EventCountry "GER"]
[SourceTitle "playchess.com"]
[Source "ChessBase"]
[SourceQuality "1"]
[TimeControl "900+5"]

1. e4 c6 2. d4 d5 3. f3 e6 4. c3 Ne7 5. Bd3 b6 6. Ne2 Ba6 7. Bxa6 Nxa6 8. O-O {[%emt 0:00:02] White is slightly better.} Qd7 9. Be3 Ng6 10. a4 Be7 11. Nd2 O-O 12. a5 b5 13. b4 dxe4 14. Nxe4 Rad8 15. f4 (15. Nf4 $14) 15... Nc7 $11 16. N2g3 Nd5 $36 {[%emt 0:00:06][%mdl 2048] Black has good play.} 17. Bd2 f5 18. Nc5 Bxc5 19. bxc5 Nf6 20. Qe2 {[%emt 0:00:44] [#]} (20. Rb1 $11) 20... b4 $1 $17 21. Rae1 bxc3 22. Bxc3 Nd5 23. Bd2 Rfe8 24. Kh1 Nc7 {[%emt 0:00:20] Excellent horsemanship.} 25. Nh5 (25. a6 $142) 25... Rb8 26. Bc1 Qd5 27. Rf3 Rb1 28. Rh3 (28. h3 $17 {was worth a try.}) 28... Reb8 $19 29. a6 Qd7 (29... Qxd4 30. Rd3 Qxc5 31. Rdd1 $15 (31. Rd7 $2 Qxc1 32. Rdd1 Qb2 $19)) 30. d5 (30. Rd3 $142) 30... Nxd5 (30... Qxd5 31. Rd3 Qxc5 32. Rdd1 $15 (32. Rd7 $2 Qxc1 33. Rdd1 Qb2 $19)) 31. Rd3 Ra1 {[%emt 0:00:06] ...Rbb1 would now be deadly.} 32. Rdd1 {[%emt 0:00:05] [#]} (32. Red1 $17) 32... Rbb1 ({Black should try} 32... Rb4 $1 $19 33. Nxg7 Qxg7 (33... Re4 34. Qb2 $19)) 33. Bb2 $17 Rxd1 (33... Ngxf4 $2 {loses.} 34. Bxa1 Nxe2 35. Rxb1 $18) 34. Bxa1 (34. Rxd1 $17 Nc3 (34... Ngxf4 $2 35. Nxf4 Rxd1+ 36. Qxd1 $18) 35. Bxa1 Qxd1+ 36. Qxd1 Nxd1 37. g3) 34... Rxe1+ $19 (34... Ndxf4 $2 {perishes.} 35. Rxd1 (35. Qxd1 Nd3 $18) 35... Nd5 36. Bxg7 $18 (36. Nxg7 Kf7 $18)) 35. Qxe1 Ndxf4 36. Nxg7 {[%emt 0:00:04] [#]} (36. Nxf4 Nxf4 37. Qb1) 36... e5 $1 {[%emt 0:00:06][%mdl 512] Weighted Error Value: White=0.46/Black=0.16 (very precise) .  Mistake:       	White=8     	Black=1      Inaccurate:     	White=1     	Black=3      OK:         	White=6     	Black=14     Best:        	---       	Black=1      Brilliant:      	---       	Black=1} 0-1